 Dungeon Crawl Stone Soup version 0.26.1-2-gb8aa6d0cf2 (webtiles) character file.

Game seed: 15057402520997296147

408 leafyfresh the Magician (level 6, -2/44 HPs)
             Began as a Gnoll Hedge Wizard on Feb 9, 2021.
             Hit by a boomerang thrown by an orc warrior (15 damage)
             ... on level 4 of the Dungeon.
             The game lasted 00:06:17 (4517 turns).

leafyfresh the Magician (Gnoll Hedge Wizard)        Turns: 4517, Time: 00:06:18

Health: -2/44      AC:  2    Str: 12    XL:     6   Next: 88%
Magic:  9/16       EV: 15    Int: 18    God:
Gold:   190        SH:  0    Dex: 15    Spells: 14/20 levels left

rFire    x . .     SeeInvis .   e - +1 hunting sling (flame)
rCold    + . .     Faith    .   (no shield)
rNeg     . . .     Spirit   .   b - +0 robe
rPois    .         Reflect  .   c - +0 hat
rElec    .         Harm     .   (no cloak)
rCorr    .         Rampage  .   (no gloves)
Will     +....                  (no boots)
Stlth    +++.......             (no amulet)
HPRegen  0.14/turn              n - ring of ice
MPRegen  0.15/turn              v - ring of willpower

@: no status effects
A: distributed training, fangs 1, strong nose
a: no special abilities


You were on level 4 of the Dungeon.
You visited 1 branch of the dungeon, and saw 4 of its levels.

You collected 190 gold pieces.

Inventory:

Hand Weapons
 a - a +0 dagger
 e - a +1 hunting sling of flaming (weapon)
 s - a +0 longbow
Missiles
 q - 28 stones (quivered ammo)
Armour
 b - a +0 robe (worn)
 c - a +0 hat (worn)
Jewellery
 n - a ring of ice (left hand)
 v - a ring of willpower (right hand)
Scrolls
 f - 2 scrolls of identify {unknown}
 g - 4 scrolls of fog {unknown}
 h - a scroll of amnesia {unknown}
 j - a scroll of random uselessness {unknown}
 k - a scroll of enchant weapon {unknown}
 l - 2 scrolls of teleportation {unknown}
 r - 4 scrolls of remove curse {unknown}
 t - a scroll of magic mapping {unknown}
Potions
 d - a potion of lignification {unknown}
 i - a potion of berserk rage {unknown}
 m - 2 potions of curing {unknown}
 o - a potion of invisibility {unknown}
 p - a potion of cancellation {unknown}
 u - a potion of resistance {unknown}


   Skills:
 + Level 2.1 Fighting
 + Level 2.1 Short Blades
 + Level 2.1 Long Blades
 + Level 2.1 Axes
 + Level 2.1 Maces & Flails
 + Level 2.1 Polearms
 + Level 2.1 Staves
 + Level 2.1 Slings
 + Level 2.1 Bows
 + Level 2.1 Crossbows
 + Level 2.1 Throwing
 + Level 2.1 Armour
 + Level 5.0 Dodging
 + Level 4.7 Stealth
 + Level 2.1 Shields
 + Level 2.1 Unarmed Combat
 + Level 7.5 Spellcasting
 + Level 2.7 Conjurations
 + Level 1.7 Hexes
 + Level 2.7 Summonings
 + Level 1.7 Necromancy
 + Level 2.7 Translocations
 + Level 1.7 Transmutations
 + Level 1.7 Fire Magic
 + Level 1.7 Ice Magic
 + Level 1.7 Air Magic
 + Level 1.7 Earth Magic
 + Level 1.7 Poison Magic
 + Level 2.3 Invocations
 + Level 2.1 Evocations


You had 14 spell levels left.
You knew the following spells:

 Your Spells              Type           Power        Failure   Level
a - Magic Dart            Conj           64%          3%          1
b - Mephitic Cloud        Conj/Pois/Air  14%          13%         3
c - Blink                 Tloc           N/A          4%          2

Your spell library contained the following spells:

 Spells                   Type           Power        Failure   Level
 Call Imp                 Summ           16%          4%          2
 Slow                     Hex            12%          8%          2
 Conjure Flame            Conj/Fire      14%          12%         3


Dungeon Overview and Level Annotations

Branches:
Dungeon (4/15)
 Temple: D:4-7

Altars:


Innate Abilities, Weirdness & Mutations

Your experience applies equally to all skills.
You have very sharp teeth.
Your uncanny sense of smell can sniff out nearby items.


Message History

Casting: Magic Dart (safe; 3% risk of failure)
Confirm with . or Enter, or press ? or * to list all spells.
Aiming: Magic Dart (safe; 3% risk of failure)
Press: ? - help, Shift-Dir - straight line, f/p - orc wizard
Aim: an orc wizard, wielding a -2 dagger and wearing a cursed +0 robe (almost dead, fast, confused, 0% to evade)
The magic dart hits the orc wizard.
The orc wizard is almost dead.
The orc warrior throws a boomerang.
The boomerang closely misses you.
The weapon returns to the orc warrior!
Casting: Magic Dart (safe; 3% risk of failure)
Confirm with . or Enter, or press ? or * to list all spells.
Aiming: Magic Dart (safe; 3% risk of failure)
Press: ? - help, Shift-Dir - straight line, f/p - orc wizard
Aim: an orc wizard, wielding a -2 dagger and wearing a cursed +0 robe (almost dead, fast, confused, 0% to evade)
The magic dart hits the orc wizard.
You kill the orc wizard!
The orc warrior throws a boomerang.
The boomerang misses you.
The weapon returns to the orc warrior!
The orc warrior throws a boomerang.
The boomerang hits you!
You die...

##### #### ##...##...#
##..........
###########...........
#......##.............
###^.......)...)<......<
#.......@..[............
.........)......).##....
..................# ...
..........[.......## o.
...................##.o
...........)...o....(..
..#...............((...
..##......#......(..#...
######...>.##########


You could see an orc warrior.

Vanquished Creatures
  A phantom (D:3)
  A bullfrog skeleton (D:4)
  An orc wizard (D:4)
  A gnoll shaman (D:3)
  A hound (D:4)
  An iguana (D:4)
  4 gnolls
  5 adders
  An adder skeleton (D:4)
  2 worms (D:3)
  4 dart slugs
  3 leopard geckos (D:2)
  4 orcs
  4 ball pythons
  4 bats
  11 giant cockroaches (D:3)
  9 goblins
  5 hobgoblins
  6 jackals (D:3)
  A frilled lizard (D:1)
  5 kobolds
  A leopard gecko skeleton (D:4)
  5 rats
80 creatures vanquished.

Vanquished Creatures (others)
  10 fungi (D:4)
10 creatures vanquished.

Grand Total: 90 creatures vanquished

Notes
Turn   | Place    | Note
-------+----------+-------------------------------------------
     0 | D:1      | leafyfresh the Gnoll Hedge Wizard began the quest for the
                  | Orb.
     0 | D:1      | Reached XP level 1. HP: 13/13 MP: 8/8
   174 | D:1      | Reached XP level 2. HP: 14/19 MP: 10/10
  1147 | D:2      | Reached XP level 3. HP: 11/25 MP: 3/11
  1626 | D:2      | Reached skill level 1 in Invocations
  1979 | D:3      | Reached skill level 1 in Fighting
  1979 | D:3      | Reached skill level 1 in Short Blades
  1979 | D:3      | Reached skill level 1 in Long Blades
  1979 | D:3      | Reached skill level 1 in Axes
  1979 | D:3      | Reached skill level 1 in Maces & Flails
  1979 | D:3      | Reached skill level 1 in Polearms
  1979 | D:3      | Reached skill level 1 in Staves
  1979 | D:3      | Reached skill level 1 in Slings
  1979 | D:3      | Reached skill level 1 in Bows
  1979 | D:3      | Reached skill level 1 in Crossbows
  1979 | D:3      | Reached skill level 1 in Throwing
  1979 | D:3      | Reached skill level 1 in Armour
  1979 | D:3      | Reached skill level 1 in Shields
  1979 | D:3      | Reached skill level 1 in Unarmed Combat
  1979 | D:3      | Reached skill level 1 in Evocations
  2453 | D:3      | Reached XP level 4. HP: 27/32 MP: 13/13
  2710 | D:3      | Reached skill level 1 in Hexes
  2710 | D:3      | Reached skill level 1 in Necromancy
  2710 | D:3      | Reached skill level 1 in Transmutations
  2710 | D:3      | Reached skill level 1 in Fire Magic
  2710 | D:3      | Reached skill level 1 in Ice Magic
  2710 | D:3      | Reached skill level 1 in Air Magic
  2710 | D:3      | Reached skill level 1 in Earth Magic
  2710 | D:3      | Reached skill level 1 in Poison Magic
  3131 | D:3      | Noticed a phantom
  3148 | D:3      | Killed a phantom
  3149 | D:3      | Reached XP level 5. HP: 30/37 MP: 0/14
  3153 | D:3      | Learned a level 3 spell: Mephitic Cloud
  3156 | D:3      | Learned a level 2 spell: Blink
  3623 | D:4      | Reached XP level 6. HP: 34/44 MP: 16/16
  3979 | D:3      | Reached skill level 5 in Dodging
  4502 | D:4      | Noticed an orc warrior
  4517 | D:4      | Hit by a boomerang thrown by an orc warrior

Illustrated notes

Levels and vault maps discovered:
D:1:      dpeg_arrival_rooms_b, layout_loops_cross
D:2:      layout_rooms
D:3:      minmay_roachtagon, layout_basic
D:4:      layout_rooms, okawaru_gym_becter, serial_aquarium,
          aquarium_bridge_long_joined [aquarium_subvault_wall,
          aquarium_subvault_bridge, aquarium_subvault_wall,
          aquarium_subvault_window, aquarium_subvault_bridge,
          aquarium_subvault_wall], aquarium_window_1, aquarium_window_1,
          aquarium_view_2a, aquarium_view_2c

Skill      XL: |  1  2  3  4  5  6 |
---------------+-------------------+-----
Conjurations   | 2 |  2.7
Summonings     | 2 |  2.7
Translocations | 2 |  2.7
Invocations    | 1 2 |  2.3
Fighting       | 1 2 |  2.1
Short Blades   | 1 2 |  2.1
Long Blades    | 1 2 |  2.1
Axes           | 1 2 |  2.1
Maces & Flails | 1 2 |  2.1
Polearms       | 1 2 |  2.1
Staves         | 1 2 |  2.1
Slings         | 1 2 |  2.1
Bows           | 1 2 |  2.1
Crossbows      | 1 2 |  2.1
Throwing       | 1 2 |  2.1
Armour         | 1 2 |  2.1
Shields        | 1 2 |  2.1
Unarmed Combat | 1 2 |  2.1
Evocations     | 1 2 |  2.1
Hexes          | 1 |  1.7
Necromancy     | 1 |  1.7
Transmutations | 1 |  1.7
Fire Magic     | 1 |  1.7
Ice Magic      | 1 |  1.7
Air Magic      | 1 |  1.7
Earth Magic    | 1 |  1.7
Poison Magic   | 1 |  1.7
Dodging        | 5 |  5.0
Stealth        | |  4.7
Spellcasting   | |  7.5

Action                   |  1- 3 |  4- 6 || total
-------------------------+-------+-------++-------
Melee: Dagger            |    33 |       ||    33
       Bite              |     1 |       ||     1
 Fire: Hunting sling     |    34 |   140 ||   174
 Cast: Magic Dart        |    22 |    57 ||    79
       Mephitic Cloud    |       |     8 ||     8
 Stab: Sleeping          |     8 |       ||     8
Armor: Robe              |     4 |     9 ||    13
Dodge: Dodged            |    39 |    65 ||   104
